 Dungeon Crawl Stone Soup version 0.29.1-15-g9cfb28693d (webtiles) character file.

Game seed: 14310151724734162506

907 growler the Martial Artist (level 8, -1/54 HPs)
             Began as a Merfolk Transmuter on Apr 28, 2023.
             Was a Follower of Wu Jian.
             Slain by an ice beast (5 damage)
             ... on level 4 of the Dungeon.
             The game lasted 00:14:41 (5262 turns).

growler the Martial Artist (Merfolk Transmuter)     Turns: 5262, Time: 00:14:41

Health: -1/54      AC:  2    Str: 10    XL:     8   Next: 8%
Magic:  9/12       EV: 20    Int: 14    God:    Wu Jian [*.....]
Gold:   236        SH:  0    Dex: 20    Spells: 3/13 levels left

rFire   . . .      SeeInvis .     - Unarmed
rCold   . . .      Faith    .   (shield currently unavailable)
rNeg    . . .      Spirit   .   (body armour currently unavailable)
rPois   x          Reflect  .   (helmet currently unavailable)
rElec   .          Harm     .   (cloak currently unavailable)
rCorr   .          Rampage  .   (gloves currently unavailable)
Will    .....                   (boots currently unavailable)
Stlth   ++........              (no amulet)
HPRegen 0.18/turn               (no ring)
MPRegen 0.13/turn               (no ring)

@: mighty, spider-form (expiring)
A: venomous fangs, tiny, (nimble swimmer 2), (mertail)
a: End Transformation, Renounce Religion


You were on level 4 of the Dungeon.
You worshipped Wu Jian.
Wu Jian was aware of your devotion.
You were a venomous arachnid creature.
You visited 2 branches of the dungeon, and saw 7 of its levels.

You collected 236 gold pieces.

Inventory:

Missiles
 d - 12 poisoned darts
Armour
 a - a +0 robe (melded)
 o - a +2 pair of gloves (melded)
Wands
 b - a wand of iceblast (14)
Scrolls
 c - a scroll of teleportation {unknown}
 f - a scroll of fear {unknown}
 g - a scroll of silence
 i - 2 scrolls of noise
 k - 2 scrolls of fog
 n - a scroll of torment {unknown}
Potions
 e - a potion of might
 j - 2 potions of flight
 l - a potion of magic {unknown}
 m - a potion of haste {unknown}
 p - a potion of heal wounds {unknown}
 q - a potion of mutation {unknown}
 r - a potion of attraction


   Skills:
 - Level 1.1 Fighting
 - Level 2.6 Dodging
 + Level 9.7 Unarmed Combat
 - Level 3.0 Spellcasting
 - Level 4.0 Transmutations


You had 3 spell levels left.
You knew the following spells:

 Your Spells              Type           Power      Damage    Failure   Level
a - Beastly Appendage     Tmut           26%        N/A       13%         1
b - Wereblood             Tmut           13%        N/A       17%         2
c - Spider Form           Tmut/Pois      7%         N/A       50%         3
d - Ice Form              Ice/Tmut       7%         N/A       85%         4

Your spell library contained the following spells:

 Spells                   Type           Power      Damage    Failure   Level
 Passwall                 Tmut/Erth      5%         N/A       32%         2
 Sandblast                Erth           4%         2d4       43%         1
 Summon Small Mammal      Summ           8%         N/A       43%         1
 Call Canine Familiar     Summ           2%         N/A       75%         3
 Gell's Gravitas          Tloc           2%         N/A       75%         3
 Stone Arrow              Conj/Erth      4%         3d7       75%         3
 Summon Guardian Golem    Hex/Summ       2%         N/A       75%         3
 Teleport Other           Tloc           2%         N/A       75%         3
 Dispersal                Tloc           1%         N/A       100%        6


Dungeon Overview and Level Annotations

Branches:
Dungeon (6/15)             Temple (1/1) D:4

Altars:
Ashenzari
Dithmenos
Hepliaklqana
Kikubaaqudgha
Okawaru
Sif Muna
Trog
Uskayaw
Vehumet
Wu Jian
Xom
Yredelemnul


Innate Abilities, Weirdness & Mutations

You are a venomous arachnid creature.
You have poisonous fangs.
You are tiny and dextrous.
Your spellcasting is less reliable in this form.
Your armour is entirely melded.
You are incapable of wielding weapons or throwing items.
((You are very nimble when in or above water. (Stealth+, EV+, Speed+++)))
((Your lower body shifts to a powerful aquatic tail in water.))


Message History

The water moccasin is severely wounded.
The water moccasin completely misses you.
You closely miss the water moccasin. You punch the water moccasin.
The water moccasin is severely wounded.
The water moccasin closely misses you. The water moccasin barely misses you.
You barely miss the water moccasin. You headbutt the water moccasin.
The water moccasin is almost dead.
The water moccasin bites you but does no damage.
You punch the water moccasin!
You kill the water moccasin!
The Council accepts your kill.
You have reached level 8!
Casting: Beastly Appendage (safe; 4% risk of failure)
Confirm with . or Enter, or press ? or * to list all spells.
Your horns disappear.
You turn into a venomous arachnid creature.
Your +2 pair of gloves melds into your body.
Your +0 robe melds into your body.
You hit the ice beast.
The ice beast is lightly wounded.
The ice beast misses you.
You hit the ice beast.
The ice beast is moderately wounded.
The ice beast hits you.
* * * LOW HITPOINT WARNING * * *
The ice beast freezes you!
* * * LOW HITPOINT WARNING * * *
You can't wield anything in your present form.
You feel very mighty all of a sudden.
Your transformation is almost over.
The ice beast completely misses you.
You bite the ice beast!
The ice beast is poisoned.
The ice beast is severely wounded.
The ice beast completely misses you.
You barely miss the ice beast.
The ice beast is severely wounded.
The ice beast closely misses you.
You barely miss the ice beast.
The ice beast is severely wounded.
The ice beast hits you.
You die...

#........#..........#
.........#..........#
#........#.)........#
#...................#
#............########
.....###.###.# #######
....####'##### #....^#
.#'####^.^################.#.###
....##...^^##...sY..>......#.#
....###^.^########.#.#######.#
....##.._.^# #...# #.#
....######## ###.# #.# ....#####
######## #.# #.# ........#
#......# #.# #.# #.......#
#......# #.# #.# #.......#
#......# #.# #.# #.......#
#.)....###.# #.#


You could see an ice beast (very poisoned).

Vanquished Creatures
  Sigmund (D:2)
  A water moccasin (D:4)
  An ogre (D:4)
  A centaur (D:6)
  A phantom (D:4)
  A necrophage (D:4)
  A hound (D:4)
  2 jellies
  Jessica (D:2)
  An iguana (D:4)
  Robin (D:3)
  4 adders
  An ufetubus (D:6)
  3 dart slugs (D:2)
  3 worms
  11 orcs
  2 ball pythons
  10 endoplasms
  3 giant cockroaches
  12 goblins
  12 hobgoblins
  26 jackals
  2 quokkas
  5 bats
  2 frilled lizards
  8 kobolds
  5 rats
  A spectral orc (D:4)
122 creatures vanquished.

Vanquished Creatures (others)
  A goblin (D:3)
1 creature vanquished.

Grand Total: 123 creatures vanquished

Notes
Turn   | Place    | Note
-------+----------+-------------------------------------------
     0 | D:1      | growler the Merfolk Transmuter began the quest for the Orb.
     0 | D:1      | Reached XP level 1. HP: 15/15 MP: 3/3
   176 | D:1      | Found a faded altar of an unknown god.
   304 | D:1      | Reached XP level 2. HP: 18/21 MP: 3/5
   307 | D:1      | Learned a level 2 spell: Wereblood
   893 | D:1      | Reached XP level 3. HP: 4/26 MP: 4/6
  1759 | D:1      | Learned a level 3 spell: Spider Form
  2070 | D:2      | Reached skill level 4 in Unarmed Combat
  2111 | D:2      | Reached XP level 4. HP: 27/32 MP: 5/8
  2350 | D:2      | Noticed Sigmund
  2715 | D:2      | Noticed Jessica
  2722 | D:2      | Killed Jessica
  2723 | D:2      | Reached XP level 5. HP: 31/37 MP: 5/9
  2731 | D:2      | Learned a level 4 spell: Ice Form
  2784 | D:2      | Found a hide-covered altar of Uskayaw.
  2888 | D:2      | Killed Sigmund
  2889 | D:2      | Reached skill level 6 in Unarmed Combat
  2889 | D:2      | Reached XP level 6. HP: 43/43 MP: 7/10
  3521 | D:3      | You fall into a shaft and drop 3 floors!
  3540 | D:6      | Reached skill level 7 in Unarmed Combat
  3707 | D:5      | Entered Level 5 of the Dungeon
  3707 | D:5      | Noticed an ice beast
  3707 | D:5      | Found a radiant altar of Vehumet.
  3711 | D:5      | Noticed a water moccasin
  3712 | D:5      | Noticed a water moccasin
  3766 | D:4      | Reached XP level 7. HP: 8/48 MP: 7/11
  4042 | D:4      | Found a staircase to the Ecumenical Temple.
  4053 | D:4      | Reached skill level 8 in Unarmed Combat
  4069 | Temple   | Entered the Ecumenical Temple
  4137 | Temple   | Became a worshipper of the Wu Jian Council
  4312 | D:3      | Noticed Robin
  4322 | D:3      | Killed Robin
  4653 | D:4      | Reached skill level 9 in Unarmed Combat
  4738 | D:4      | Reached * piety under Wu Jian
  4923 | D:4      | Found a basalt altar of Yredelemnul.
  5256 | D:4      | Reached XP level 8. HP: 16/54 MP: 12/12
  5262 | D:4      | Slain by an ice beast

Illustrated notes

Levels and vault maps discovered:
D:1:      onia_arrival_mini_spirals, layout_loops_corners,
          hellmonk_ecumenical_altar_crossroads
D:2:      layout_loops_corners, basic_altar, uniq_jessica, uniq_sigmund
D:3:      layout_basic, uniq_robin
D:4:      layout_basic, yredelemnul_forgotten_temple_becter,
          minmay_temple_entry_glass
D:5:      minmay_diamond_boxcup, layout_loops_ring, nicolae_vehumet_radiance,
          lemuel_round_altar
D:6:      layout_cave_pools
Temple:   regret_index_temple_waves

Skill      XL: |  1  2  3  4  5  6  7 |
---------------+----------------------+-----
Transmutations | 3 4 |  4.0
Unarmed Combat | 4 6 7 9 |  9.7
Spellcasting   | 3 |  3.0
Fighting       | |  1.1
Dodging        | |  2.6

Action                   |  1- 3 |  4- 6 |  7- 9 || total
-------------------------+-------+-------+-------++-------
Melee: Unarmed           |   128 |   124 |    95 ||   347
       Headbutt          |    17 |     6 |    10 ||    33
       Punch             |     3 |     5 |     2 ||    10
 Cast: Beastly Appendage |    21 |     7 |     6 ||    34
       Wereblood         |     4 |     1 |     1 ||     6
       Spider Form       |       |     6 |     5 ||    11
Invok: Lunge             |       |       |    13 ||    13
       Whirlwind         |       |       |     1 ||     1
  Use: Potion            |     2 |       |     2 ||     4
       Scroll            |       |     3 |     3 ||     6
 Stab: Sleeping          |     1 |     2 |       ||     3
Armor: Robe              |    16 |    24 |     8 ||    48
       Skin              |     5 |     2 |     1 ||     8
Dodge: Dodged            |    75 |    92 |    57 ||   224
